 Dungeon Crawl Stone Soup version 0.30-a0-374-g95c0257040 (webtiles) character file.

Game seed: 4050968707419095945

491 Elric the Magician (level 6, -2/32 HPs)
             Began as a Deep Elf Fire Elementalist on Nov 25, 2022.
             Was an Initiate of Sif Muna.
             Slain by a black bear (4 damage)
             ... on level 5 of the Dungeon.
             The game lasted 00:08:46 (4903 turns).

Elric the Magician (Deep Elf Fire Elementalist)     Turns: 4903, Time: 00:08:47

Health: -2/32      AC:  5    Str:  5    XL:     6   Next: 91%
Magic:  9/15       EV: 12    Int: 22    God:    Sif Muna [......]
Gold:   123        SH:  0    Dex: 15    Spells: 10/15 levels left

rFire   + + .      SeeInvis .    f - +0 dagger (venom)
rCold   + . .      Faith    .    (no shield)
rNeg    . . .      Spirit   .    d - +0 robe {rC+ rF+}
rPois   .          Reflect  .    (no helmet)
rElec   .          Harm     .    o - +2 cloak
rCorr   .          Rampage  .    (no gloves)
Will    .....                    (no boots)
Stlth   ++........               (no amulet)
HPRegen 0.25/turn                j - ring of protection from fire
MPRegen 0.14/turn                (no ring)

@: no status effects
A: no striking features
a: Renounce Religion


You were on level 5 of the Dungeon.
You worshipped Sif Muna.
Sif Muna was noncommittal.
You visited 1 branch of the dungeon, and saw 5 of its levels.

You collected 123 gold pieces.

Inventory:

Hand Weapons
 f - a +0 dagger of venom (weapon)
Armour
 d - a +0 robe of resistance (worn)
 o - a +2 cloak (worn)
Jewellery
 j - a ring of protection from fire (left hand)
 p - a +6 ring of intelligence
Wands
 a - a wand of paralysis (18)
 g - a wand of light (9)
Scrolls
 e - 2 scrolls of identify
 h - a scroll of enchant weapon {unknown}
 k - a scroll of fog {unknown}
 m - a scroll of fear
 n - 2 scrolls of blinking {unknown}
Potions
 b - a potion of magic
 c - 2 potions of lignification {unknown}
 i - a potion of curing
 l - a potion of degeneration {unknown}
 q - a potion of mutation {unknown}


   Skills:
 - Level 2.4 Dodging
 - Level 2.4 Stealth
 + Level 5.2 Spellcasting
 + Level 3.5 Conjurations
 + Level 4.9 Fire Magic
 + Level 2.9 Air Magic
 + Level 3.0 Poison Magic


You had 10 spell levels left.
You knew the following spells:

 Your Spells              Type           Power      Damage    Failure   Level
a - Foxfire               Conj/Fire      96%        2x1d8     1%          1
b - Scorch                Fire           54%        2d7       1%          2
c - Poisonous Vapours     Pois/Air       36%        N/A       4%          2

Your spell library contained the following spells:

 Spells                   Type           Power      Damage    Failure   Level
 Cigotuvi's Dreadful Rot  Necr/Pois/Air  28%        N/A       7%          2
 Mephitic Cloud           Conj/Pois/Air  19%        N/A       8%          3
 Necrotise                Necr           20%        1d5       10%         1
 Inner Flame              Hex/Fire       16%        N/A       11%         3
 Kindle Blastsparks       Fire/Tloc/Air  34%        2d12      11%         3
 Flame Wave               Conj/Fire      24%        2d8       17%         4
 Vampiric Draining        Necr           5%         2d6       30%         3
 Agony                    Necr           5%         N/A       95%         5


Dungeon Overview and Level Annotations

Branches:
Dungeon (5/15)             Temple (0/1) D:4

Altars:
Kikubaaqudgha
Sif Muna
Wu Jian
The Shining One


Message History

Casting: Foxfire (safe; 1% risk of failure)
Confirm with . or Enter, or press ? or * to list all spells.
Okay, then.
Casting: Foxfire (safe; 1% risk of failure)
Confirm with . or Enter, or press ? or * to list all spells.
Flames lash the scorpion.
The scorpion is lightly wounded.
The scorpion's fire resistance burns away.
The scorpion misses you. The black bear bites you.
The black bear claws you but does no damage.
The black bear misses you.
Casting: Scorch (safe; 1% risk of failure)
Confirm with . or Enter, or press ? or * to list all spells.
You conjure some foxfire!
The black bear bites you. The black bear claws you.
The black bear closely misses you.
The scorpion stings you but does no damage.
The black bear bites you but does no damage.
The black bear claws you.
The black bear claws you but does no damage.
The scorpion is no longer more vulnerable to fire.
The foxfire hits the black bear.
The black bear is almost dead.
The foxfire hits the scorpion but does no damage.
The scorpion is lightly wounded.
The scorpion stings you. The black bear closely misses you.
The black bear claws you.
The black bear claws you but does no damage.
The scorpion closely misses you.
The black bear attacks as you move away!
The black bear barely misses you. The black bear claws you. x2
The scorpion attacks as you move away! The scorpion closely misses you.
The black bear barely misses you. The black bear claws you.
* * * LOW HITPOINT WARNING * * *
The black bear misses you. The scorpion attacks as you move away!
The scorpion barely misses you.
The black bear attacks as you move away!
The black bear bites you.
* * * LOW HITPOINT WARNING * * *
The black bear claws you.
You die...

#. ...≈## #..
...≈≈####≈≈
#..
....≈≈≈≈≈≈.
#...
..........
#..♣♣.........
#...♣.........
#...=........
#.hs..♣
##@..♣♣
#.#.#####
#.......#
###.###.....
#.# ##.
#.#######.#
#...<.....#
#########.#


You could see a black bear (berserk) and a scorpion.

Vanquished Creatures
  Sigmund (D:3)
  A scorpion (D:4)
  A hound (D:4)
  A jelly (D:4)
  Jessica (D:3)
  Ijyb (D:3)
  Robin (D:3)
  6 adders
  A white imp (D:5)
  2 worms
  2 dart slugs (D:4)
  7 orcs
  3 ball pythons
  5 endoplasms
  2 giant cockroaches
  11 goblins
  8 hobgoblins
  7 jackals
  2 quokkas
  3 bats
  4 frilled lizards
  6 kobolds
  A rat (D:3)
77 creatures vanquished.

Vanquished Creatures (collateral kills)
  5 foxfires (D:4)
5 creatures vanquished.

Vanquished Creatures (others)
  305 foxfires
  14 plants (D:4)
319 creatures vanquished.

Grand Total: 401 creatures vanquished

Notes
Turn   | Place    | Note
-------+----------+-------------------------------------------
     0 | D:1      | Elric the Deep Elf Fire Elementalist began the quest for
                  | the Orb.
     0 | D:1      | Reached XP level 1. HP: 10/10 MP: 6/6
   400 | D:1      | Reached XP level 2. HP: 15/15 MP: 6/8
   652 | D:2      | Learned a level 2 spell: Scorch
   655 | D:2      | Learned a level 2 spell: Poisonous Vapours
   909 | D:2      | Found a faded altar of an unknown god.
  1267 | D:2      | Reached XP level 3. HP: 19/19 MP: 7/10
  1726 | D:3      | Noticed Sigmund
  1848 | D:3      | Reached skill level 1 in Poison Magic
  1950 | D:3      | Killed Sigmund
  1951 | D:3      | Reached skill level 4 in Spellcasting
  1951 | D:3      | Reached skill level 1 in Air Magic
  1951 | D:3      | Reached XP level 4. HP: 11/24 MP: 3/12
  1951 | D:3      | Reached XP level 5. HP: 13/28 MP: 3/13
  2261 | D:3      | Noticed Jessica
  2268 | D:3      | Killed Jessica
  2361 | D:3      | Noticed Robin
  2377 | D:3      | Killed Robin
  2476 | D:3      | Noticed Ijyb
  2488 | D:3      | Killed Ijyb
  2489 | D:3      | Reached XP level 6. HP: 29/32 MP: 3/15
  2822 | D:3      | Identified the +9 hand axe "Imp's Nightmare" {antimagic,
                  | rPois Will+++ Dex+4}
  3038 | D:3      | Found an ancient bone altar of Kikubaaqudgha.
  3038 | D:3      | Found a faded altar of an unknown god.
  3046 | D:3      | Found a shimmering blue altar of Sif Muna.
  3050 | D:3      | Found an ornate altar of the Wu Jian Council.
  3052 | D:3      | Found a faded altar of an unknown god.
  3072 | D:3      | Became a worshipper of Sif Muna the Loreminder
  3455 | D:4      | Found a glowing golden altar of the Shining One.
  4017 | D:4      | Found a staircase to the Ecumenical Temple.
  4039 | D:4      | Reached skill level 5 in Spellcasting
  4740 | D:5      | Entered Level 5 of the Dungeon
  4903 | D:5      | Slain by a black bear

Illustrated notes

Levels and vault maps discovered:
D:1:      dpeg_arrival_solitude, layout_rooms
D:2:      layout_basic, serial_corexii_hall, corexii_hall_statues_l,
          chequers_hall_statues_corner_a, chequers_ecumenical_altar_island
D:3:      layout_loops_ring, chequers_temple_overflow_minitemple,
          chequers_serial_rivers_micro_c, uniq_jessica, uniq_ijyb, uniq_sigmund,
          uniq_robin
D:4:      layout_loops_ring, tso_metal_star,
          minmay_temple_entry_drinking_statues, minmay_misc_feat_nine_boxes,
          chequers_big_river
D:5:      layout_loops_corners, corexii_leaking_fountain,
          small_statue_intersection, kennysheep_decorative_pillar,
          minmay_manual_mess

Skill      XL: |  1  2  3  4  5  6 |
---------------+-------------------+-----
Conjurations   | 2 3 |  3.5
Poison Magic   | 2 3 |  3.0
Spellcasting   | 4 5 |  5.2
Fire Magic     | 4 |  4.9
Air Magic      | 1 2 |  2.9
Dodging        | |  2.4
Stealth        | |  2.4

Action                   |  1- 3 |  4- 6 || total
-------------------------+-------+-------++-------
Melee: Dagger            |     1 |       ||     1
 Cast: Foxfire           |    78 |   109 ||   187
       Poisonous Vapours |     7 |    23 ||    30
       Scorch            |     1 |     9 ||    10
  Use: Scroll            |     2 |       ||     2
       Potion            |     1 |     1 ||     2
Armor: Robe              |     9 |    17 ||    26
Dodge: Dodged            |    29 |    61 ||    90

Table legend: (Time is in decaauts)
 A = Elapsed time spent in this place.
 B = Non-inter-level travel time spent in this place.
 C = Inter-level travel time spent in this place.
 D = Time resting spent in this place.
 E = Time spent auto-exploring this place.
 F = Levels seen in this place.
 G = Mean time per level.
                   A        B        C        D        E       F      G
               +--------+--------+--------+--------+--------+-----+--------+
         Total |   4919 |   4718 |    201 |    541 |   3432 |   5 |  983.8 |
       Dungeon |   4919 |   4718 |    201 |    541 |   3432 |   5 |  983.8 |
               +--------+--------+--------+--------+--------+-----+--------+

Top non-repeatable levels by time:
     D:3: 1738 daAuts
     D:4: 1465 daAuts
     D:2: 1038 daAuts
     D:1: 648 daAuts
     D:5: 29 daAuts
